 Dungeon Crawl Stone Soup version 0.30.1-9-gdf580d7c3d (webtiles) character file.

Game seed: 7656156776558159202

17383 Wiggles the Severer (level 12, -4/108 HPs)
             Began as a Minotaur Berserker on Sept 25, 2023.
             Was an Elder of Trog.
             Slain by a slime creature (12 damage)
             ... on level 12 of the Dungeon.
             The game lasted 00:21:16 (11215 turns).

Wiggles the Severer (Minotaur Berserker)           Turns: 11215, Time: 00:21:16

Health: -4/108     AC: 20    Str: 34    XL:     12   Next: 18%
Magic:  11/11      EV: 10    Int:  4    God:    Trog [****..]
Gold:   651        SH:  0    Dex:  9    Spells: 11/11 levels left

rFire   + . .        d - +1 battleaxe
rCold   + . .        (shield currently unavailable)
rNeg    . . .        L - +0 plate armour
rPois   +            (helmet restricted)
rElec   .            m - scarf {rC+ rF+}
rCorr   .            a - +0 pair of gloves
SInv    .            G - +2 pair of boots
Will    .....        B - amulet of regeneration Stlth
                     C - ring of poison resistance
HPRegen 1.18/turn    r - +6 ring of strength
MPRegen 0.12/turn

%: no passive effects
@: on berserk cooldown, slowed, very slow
A: horns 2, retaliatory headbutt
a: Renounce Religion, Berserk, Trog's Hand, Brothers in Arms


You were on level 12 of the Dungeon.
You worshipped Trog.
Trog was greatly pleased with you.
You visited 1 branch of the dungeon, and saw 13 of its levels.

You collected 1011 gold pieces.
You spent 360 gold pieces at shops.

Inventory:

Hand Weapons
 d - a +1 battleaxe (weapon)
 I - a +2 broad axe
Armour
 a - a +0 pair of gloves (worn)
 m - a scarf of resistance (worn)
 G - a +2 pair of boots (worn)
 L - a +0 plate armour (worn)
Jewellery
 j - a ring of see invisible
 l - an amulet of reflection
 r - a +6 ring of strength (right hand)
 u - a ring of flight
 y - a +6 ring of dexterity
 B - an amulet of regeneration (around neck)
 C - a ring of poison resistance (left hand)
 H - a +5 ring of evasion
Wands
 q - a wand of polymorph (11)
 F - a wand of light (9)
 J - a wand of iceblast (3)
Scrolls
 c - 2 scrolls of magic mapping
 e - 6 scrolls of teleportation
 h - 2 scrolls of amnesia
 i - 2 scrolls of fear
 w - 3 scrolls of poison
Potions
 b - a potion of degeneration
 f - a potion of heal wounds
 g - a potion of berserk rage {unknown}
 k - 4 potions of haste
 n - 2 potions of invisibility
 o - 3 potions of ambrosia
 p - 9 potions of curing
 s - a potion of brilliance {unknown}
 v - 2 potions of might
 x - a potion of lignification {unknown}
 z - 3 potions of attraction {unknown}
 A - 2 potions of resistance
 D - 3 potions of flight
 E - a potion of cancellation {unknown}
 K - a potion of magic {unknown}


   Skills:
 + Level 10.9 Fighting
 + Level 16.4 Axes
 + Level 11.4 Armour
 + Level 6.0 Dodging
 + Level 2.1 Stealth
 + Level 6.0 Shields


You had 11 spell levels left.
You didn't know any spells.
Your spell library was empty.

Dungeon Overview and Level Annotations

Branches:
Dungeon (13/15)            Temple (0/1) D:6            Lair (0/5) D:10
    Orc: D:9-12      Vaults: D:13-14

Altars:
Ashenzari
Cheibriados
Elyvilon
Okawaru
Ru
Sif Muna
Uskayaw
Vehumet
Yredelemnul
Zin
The Shining One

Shops:
D:5 (   D:7 =

Annotations:
D:6 2 transporters, emrakul's ghost, novice DsIE


Innate Abilities, Weirdness & Mutations

You have a pair of horns on your head.
You reflexively headbutt those who attack you in melee.


Message History

The large slime creature hits you!!
* * * LOW HITPOINT WARNING * * *
The deep elf zephyrmancer hits you but does no damage.
A large slime creature splits.
The slime creature hits you but does no damage.
The wraith hits you but does no damage.
Your two-headed ogre goes berserk!
Trog will no longer gift you weapons.
A vampire mosquito comes into view.
Your ogre hits the deep elf zephyrmancer with a +0 giant club!!!
The deep elf zephyrmancer dies!
Trog accepts your kill.
Trog appreciates your killing of a magic user.
A vampire mosquito comes into view.
The large slime creature hits you but does no damage.
The wraith barely misses you.
The boulder beetle bites your two-headed ogre.
The slime creature hits you.
* * * LOW HITPOINT WARNING * * *
The deep elf pyromancer gestures wildly while chanting.
Send 'em back where they came from!
Trog shields your ally from puny magic!
The deep elf pyromancer mumbles some strange words.
Send 'em back where they came from!
Trog shields your ally from puny magic!
Two slime creatures merge to form a very large slime creature.
The vampire mosquito closely misses your ogre.
You slash the very large slime creature!
You headbutt the very large slime creature!
The very large slime creature is moderately wounded.
You closely miss the wraith. You hit the slime creature.
You hit the slime creature but do no damage.
You are no longer corroded.
Your ogre hits the vampire mosquito with a +0 giant club!!!
The vampire mosquito is destroyed!
Trog accepts your kill.
Your two-headed ogre closely misses the deep elf pyromancer.
Your two-headed ogre barely misses the deep elf pyromancer.
The slime creature hits you!
You die...

####....?..#
...........#
#.......####
####.......#...
........[.......
########y...#...
......e....# .
###.##JJJe.#
#..O.@###.[..
#...e##We.#...
#..##


eO..... #.. Be#...# #.# ..# ..# #. .>. .# ○..# # .... You could see a boulder
beetle, a very large slime creature, 2 slime creatures, 4 deep elf pyromancers,
2 deep elf zephyrmancers, a wraith, a vampire mosquito, a friendly two-headed
ogre (summoned, berserk) and a friendly ogre (summoned, berserk).

Vanquished Creatures
  A two-headed ogre (D:11)
  3 skeletal warriors (D:13)
  A flayed ghost (D:8)
  An ugly thing (D:13)
  2 cyclopes
  Maggie (D:7)
  A kobold demonologist (D:11)
  A komodo dragon (D:10)
  2 tengu conjurers (D:8)
  A hornet (D:8)
  2 trolls
  6 slime creatures (D:13)
  10 wraiths
  A yak (D:10)
  8 wyverns
  A basilisk (D:10)
  A fire bat (D:8)
  2 steam dragons
  5 vampire mosquitoes
  Menkaure (D:7)
  3 acid dragons
  A swamp drake (D:10)
  4 ice beasts
  2 orc warriors (D:10)
  2 sky beasts
  A black bear (D:5)
  3 centaurs
  3 ogres
  A phantom (D:6)
  2 kobold brigands (D:11)
  3 bullfrogs
  A gnoll sergeant (D:8)
  8 scorpions
  11 wights (D:8)
  16 killer bees
  4 electric eels
  3 howler monkeys
  7 jellies
  A centaur zombie (D:4)
  3 orc priests (D:7)
  7 hounds
  Crazy Yiuf (D:2)
  3 gnoll boudas
  6 iguanas
  3 sleepcaps
  9 orc wizards
  7 adders
  21 gnolls
  2 shadow imps
  3 ufetubi
  4 worms
  4 dart slugs
  23 orcs
  8 ball pythons
  17 bats
  13 endoplasms
  8 giant cockroaches
  9 goblins
  7 hobgoblins
  6 jackals
  14 kobolds
  10 quokkas
  3 frilled lizards
  A quokka zombie (D:4)
  9 rats
  2 butterflies (D:9)
330 creatures vanquished.

Vanquished Creatures (collateral kills)
  An orange crystal statue (D:9)
  A deep elf zephyrmancer (D:12)
  A vampire mosquito (D:12)
3 creatures vanquished.

Vanquished Creatures (others)
  A kobold (D:3)
1 creature vanquished.

Grand Total: 334 creatures vanquished

Notes
Turn   | Place    | Note
-------+----------+-------------------------------------------
     0 | D:1      | Wiggles the Minotaur Berserker began the quest for the Orb.
     0 | D:1      | Reached XP level 1. HP: 19/19 MP: 0/0
   138 | D:1      | Reached XP level 2. HP: 27/27 MP: 1/1
   200 | D:1      | Reached skill level 4 in Axes
   551 | D:1      | Reached ** piety under Trog
   640 | D:1      | Reached XP level 3. HP: 22/33 MP: 2/2
   969 | D:2      | Found a runed translucent door.
   970 | D:2      | Noticed Crazy Yiuf
   979 | D:2      | Killed Crazy Yiuf
   980 | D:2      | Reached skill level 5 in Axes
   980 | D:2      | Reached XP level 4. HP: 34/41 MP: 3/3
  1390 | D:3      | Found a faded altar of an unknown god.
  1466 | D:3      | Found a radiant altar of Vehumet.
  1611 | D:3      | Reached XP level 5. HP: 16/47 MP: 4/4
  1963 | D:3      | Reached *** piety under Trog
  1998 | D:3      | Reached skill level 6 in Axes
  2048 | D:3      | Reached skill level 1 in Shields
  2422 | D:4      | Reached skill level 1 in Stealth
  2422 | D:4      | Reached XP level 6. HP: 41/53 MP: 5/5
  2790 | D:4      | Reached skill level 7 in Axes
  2810 | D:4      | Identified the +3 long sword of Conformity {flame, Dex+2}
  3257 | D:4      | Identified the +1 short sword of Megalomania {chaos, rN+
                  | Str+7 Int-3 Dex-4}
  3500 | D:4      | Reached skill level 5 in Fighting
  3523 | D:4      | Found a basalt altar of Yredelemnul.
  3566 | D:5      | Entered Level 5 of the Dungeon
  3595 | D:5      | Reached XP level 7. HP: 59/61 MP: 6/6
  3637 | D:5      | Reached **** piety under Trog
  3702 | D:5      | Found a white marble altar of Elyvilon.
  3723 | D:5      | Found Ijuhiv's Weapon Boutique.
  4051 | D:5      | Reached skill level 8 in Axes
  4147 | D:5      | Reached XP level 8. HP: 63/69 MP: 7/7
  4154 | D:5      | Reached skill level 5 in Armour
  4540 | D:5      | Reached skill level 9 in Axes
  4603 | D:5      | Found a shimmering blue altar of Sif Muna.
  5209 | D:6      | Reached skill level 10 in Axes
  5218 | D:6      | Found a transporter.
  5226 | D:6      | Reached XP level 9. HP: 78/78 MP: 8/8
  5230 | D:6      | Found a transporter.
  5231 | D:6      | Noticed emrakul's ghost (novice DsIE)
  5388 | D:6      | Found a staircase to the Ecumenical Temple.
  5618 | D:6      | Found a glowing golden altar of the Shining One.
  5862 | D:7      | Reached ***** piety under Trog
  5957 | D:7      | Noticed Menkaure
  5965 | D:7      | Killed Menkaure
  6395 | D:7      | Found Ythrawneh's Jewellery Boutique.
  6399 | D:7      | Bought a +6 ring of strength for 360 gold pieces
  6435 | D:7      | Noticed Maggie
  6447 | D:7      | Killed Maggie
  6448 | D:7      | Reached skill level 11 in Axes
  7238 | D:8      | Found a broken altar of Ashenzari.
  7238 | D:8      | Found an iron altar of Okawaru.
  7261 | D:8      | Paralysed by a hornet for 3 turns
  7283 | D:8      | Reached skill level 5 in Dodging
  7559 | D:8      | Reached XP level 10. HP: 88/88 MP: 9/9
  7566 | D:8      | Reached skill level 5 in Shields
  8111 | D:8      | Found the sphere of Battle
  8115 | D:8      | Reached skill level 12 in Axes
  8218 | D:8      | Found a runed translucent door.
  8256 | D:8      | Found a hide-covered altar of Uskayaw.
  8256 | D:8      | Noticed a flayed ghost
  8264 | D:8      | Killed a flayed ghost
  8317 | D:8      | Found a sacrificial altar of Ru.
  8335 | D:8      | Found an iron altar of Okawaru.
  8377 | D:8      | Found a snail-covered altar of Cheibriados.
  8405 | D:8      | Found a glowing silver altar of Zin.
  8470 | D:8      | Found an iron altar of Okawaru.
  8518 | D:8      | Received a gift from Trog
  8594 | D:8      | Reached skill level 13 in Axes
  9381 | D:9      | Reached skill level 10 in Armour
  9383 | D:9      | Found a runed translucent door.
  9389 | D:9      | Found a runed translucent door.
  9484 | D:9      | Noticed an orange crystal statue
  9627 | D:9      | Killed an orange crystal statue
  9628 | D:9      | Reached XP level 11. HP: 80/97 MP: 10/10
  9732 | D:10     | Entered Level 10 of the Dungeon
 10067 | D:10     | Reached skill level 14 in Axes
 10299 | D:10     | Found a staircase to the Lair.
 10802 | D:11     | Noticed a two-headed ogre
 10815 | D:11     | Killed a two-headed ogre
 10816 | D:11     | Reached skill level 10 in Fighting
 10821 | D:11     | Reached skill level 15 in Axes
 10898 | D:11     | You fall into a shaft and drop 2 floors!
 10899 | D:13     | Noticed a cyan ugly thing
 10909 | D:13     | Killed a cyan ugly thing
 11016 | D:13     | Noticed a skeletal warrior
 11020 | D:13     | Noticed a skeletal warrior
 11023 | D:13     | Noticed a skeletal warrior
 11027 | D:13     | Killed a skeletal warrior
 11036 | D:13     | Killed a skeletal warrior
 11038 | D:13     | Killed a skeletal warrior
 11060 | D:13     | Reached XP level 12. HP: 81/108 MP: 11/11
 11121 | D:13     | Reached skill level 16 in Axes
 11206 | D:12     | Noticed a boulder beetle
 11215 | D:12     | Slain by a slime creature

Illustrated notes

Levels and vault maps discovered:
D:1:      nzn_arrival_depleted_hourglass, layout_basic, serial_glass,
          glass_columns_a, glass_columns_a, feat_on_display, feat_on_display
D:2:      layout_rooms, uniq_crazy_yiuf_cottage
D:3:      cheibrodos_fertilizer, layout_rooms, fiery_altar_vehumet,
          hellmonk_ecumenical_altar_leap_of_faith
D:4:      minmay_recursive_quarters, layout_basic,
          lemuel_zombie_altar_yredelemnul, dreamdust_mushroom_princess
D:5:      minmay_polygon_palace, layout_loops_ring, elyvilon_altar_5,
          marbit_many_paths, serial_shops, shop
D:6:      layout_basic, nicolae_tso_swordbearing_angel,
          minmay_temple_entry_gardened_gates, gammafunk_ghost_hive
D:7:      layout_basic, serial_shops, shop, amcnicky_mini_rare_corridor_liquid,
          hex_intersection, kennysheep_big_empty_room, uniq_maggie,
          uniq_menkaure
D:8:      due_megacathedral, layout_layer_cave, gammafunk_temple_overflow_wave,
          hellmonk_guarded_unrand_sphere_of_battle
D:9:      lemuel_insect_pit, layout_gridville, minivault_16, st_stairs_12,
          minmay_pinched_square
D:10:     layout_basic, erik_lair_dragon, serial_rivers,
          chequers_serial_rivers_room_b, chequers_serial_rivers_micro_c,
          chequers_serial_rivers_small_b, chequers_serial_rivers_small_b,
          chequers_serial_rivers_room_b, chequers_serial_rivers_micro_c,
          minmay_joined_circles
D:11:     layout_gridville, dk_vineyard_3, hangedman_corner_corridor
D:12:     layout_rooms, kennysheep_orc_monster_closet_entryway,
          elves_outpost_lemuel
D:13:     layout_cross, minmay_quadrilaterals

Skill      XL: |  1  2  3  4  5  6  7  8  9 10 11 12 |
---------------+-------------------------------------+-----
Axes           | 4 5 6 7 8 10 11 13 15 16 | 16.4
Fighting       | 4 5 6 7 9 10 | 10.9
Shields        | 1 2 4 6 |  6.0
Dodging        | 3 4 5 6 |  6.0
Stealth        | 1 2 |  2.1
Armour         | 3 4 6 8 10 11 | 11.4

Action                     |  1- 3 |  4- 6 |  7- 9 | 10-12 || total
---------------------------+-------+-------+-------+-------++-------
  Melee: Hand axe          |    87 |   178 |   237 |       ||   502
         Headbutt          |    10 |    21 |    45 |    42 ||   118
         Punch             |       |     2 |     3 |       ||     5
         War axe           |       |       |    59 |     3 ||    62
         Battleaxe         |       |       |       |   273 ||   273
 Invoke: Berserk           |     1 |     2 |     5 |     9 ||    17
         Brothers in Arms  |       |       |       |     3 ||     3
    Use: Scroll            |       |     1 |    17 |     4 ||    22
   Stab: Sleeping          |     1 |       |       |       ||     1
 Armour: Animal skin       |    23 |     7 |       |       ||    30
         Leather armour    |       |     5 |       |       ||     5
         Chain mail        |       |    33 |   126 |    83 ||   242
         Plate armour      |       |       |       |   102 ||   102
  Dodge: Dodged            |    65 |    84 |   105 |   224 ||   478
  Block: Other             |     6 |    40 |    67 |    30 ||   143
